 Dungeon Crawl Stone Soup version 0.14-a0-2785-gb4497b5 (webtiles) character file.

13160 Laan the Cleaver (level 11, 0/104 HPs)
             Began as a Lava Orc Monk on Feb 24, 2014.
             Was the Champion of Okawaru.
             Slain by a ten-headed hydra (1 damage)
             ... on Level 2 of the Lair of Beasts.
             The game lasted 00:47:58 (12831 turns).

Laan the Cleaver (Lava Orc Monk)                   Turns: 12831, Time: 00:47:59

HP   0/104       AC 20     Str 18      XL: 11   Next: 63%
MP  11/11        EV  6     Int  9 (10) God: Okawaru [******]
Gold 618         SH  0     Dex 13      Spells:  0 memorised, 10 levels left

rFire  + + +     SeeInvis .     c - +3,+2 elf short sword
rCold  x . .     Rnd*Rage +     y - +2 plate armour {rN+}
rNeg   + . .     Conserve .     (no shield)
rPois  .         rCorr    .     (helmet restricted)
rElec  .         rRot     .     (no cloak)
SustAb . .       Spirit   .     x - +1 pair of elf gloves
rMut   .         Warding  .     f - +0 pair of boots
Saprov + . .     Stasis   .     (no amulet)
MR     .....                    d - ring of protection from fire
                                N - ring of sustenance

@: not resistant to hostile enchantments, extremely unstealthy
A: horns 1, berserk 1, conserve scrolls, saprovore 1, spit poison 1
a: Spit Poison, Heroism, Finesse, Renounce Religion


You were on level 2 of the Lair of Beasts.
You worshipped Okawaru.
Okawaru was exalted by your worship.
You were not hungry.

You visited 3 branches of the dungeon, and saw 13 of its levels.
You also visited: Sewer and Bailey.

You collected 618 gold pieces.

Inventory:

Hand weapons
 c - a +3,+2 elven short sword (weapon)
 X - a +1,+3 orcish broad axe
Missiles
 P - 7 javelins (quivered)
Armour
 f - a +0 pair of boots (worn)
 x - a +1 pair of elven gloves (worn)
 y - a +2 plate armour of positive energy (worn)
Magical devices
 m - a wand of confusion (6)
 r - a wand of lightning (5) {unknown}
 s - a wand of paralysis (7)
 u - a wand of flame (0)
 E - a wand of teleportation (2)
Comestibles
 b - 11 meat rations
 L - 5 bread rations
 R - 4 royal jellies
 S - 5 honeycombs
Scrolls
 a - 4 scrolls of teleportation
 h - 2 scrolls of fog
 k - 11 scrolls of remove curse
 o - 2 scrolls of recharging
 p - 3 scrolls of identify
 q - 2 scrolls of fear
 v - a scroll of enchant armour
 w - 4 scrolls of magic mapping
 A - 2 scrolls of blinking
Jewellery
 d - a ring of protection from fire (right hand)
 H - an uncursed ring of flight
 N - a ring of sustenance (left hand)
Potions
 e - 2 potions of resistance
 g - 5 potions of curing
 i - 3 potions of heal wounds
 j - 2 potions of restore abilities
 n - a potion of brilliance
 t - a potion of invisibility {unknown}
 z - a potion of might
 I - 2 potions of agility
 V - 5 potions of flight


   Skills:
 + Level 11.8 Fighting
 * Level 14.8 Axes
 + Level 10.2 Armour
 - Level 2.4 Dodging
 - Level 1.5 Stealth
 - Level 4.3 Unarmed Combat


You had 10 spell levels left.
You didn't know any spells.

Dungeon Overview and Level Annotations

Branches:
Dungeon (10/16)            Temple (1/1) D:4            Lair (2/8) D:10
    Orc: D:9-12

Altars:
Ashenzari
Cheibriados
Elyvilon
Fedhas
Kikubaaqudgha
Makhleb
Nemelex Xobeh
Okawaru
Sif Muna
Trog
Vehumet
Xom
Yredelemnul
Zin

Shops:
D:6 *

Annotations:
D:8 exclusions: plant and 2 more exclusions


Innate Abilities, Weirdness & Mutations

You have stony skin.
Your flesh is almost immune to the effects of heat.
Your fire spells are more powerful.
Your flesh is vulnerable to cold.
Your heat harms attackers.
You bathe your surroundings in blazing heat.
You are too hot to use scrolls.
You are very good at protecting items from fire.
You can tolerate rotten meat.
You have a pair of small horns on your head.
You tend to lose your temper in combat.
You can spit poison.


Message History

The nine-headed hydra is singed by your heat.
The nine-headed hydra is lightly wounded.
The nine-headed hydra barely misses you.
The nine-headed hydra bites you!
* * * LOW HITPOINT WARNING * * *
The nine-headed hydra is singed by your heat.
The nine-headed hydra is lightly wounded.
You slice one of the nine-headed hydra's heads off!
The eight-headed hydra grows two more!
You hit the ten-headed hydra.
The ten-headed hydra is lightly wounded.
You're getting fired up.
The ten-headed hydra bites you!
* * * LOW HITPOINT WARNING * * *
The ten-headed hydra is singed by your heat.
The ten-headed hydra is lightly wounded.
The ten-headed hydra bites you but does no damage.
The ten-headed hydra is singed by your heat.
The ten-headed hydra is lightly wounded.
The ten-headed hydra barely misses you. The ten-headed hydra bites you.
You die...

########.#...# .
###...# ..
#....## ....
###....# .....
##....### ......
###.....#
......##.#..(###
.......D#....##
........@..[##
....$......##
.........##
........##
.......#. ......
# ..... .... .


You could see a ten-headed hydra.

Vanquished Creatures
  3 hill giants
  4 black mambas
  2 spiny frogs (Lair:1)
  4 komodo dragons
  A queen bee (D:8)
  A two-headed ogre (D:10)
  A basilisk (Lair:1)
  6 yaks (Lair:1)
  Eustachio (D:10)
  Edmund (D:7)
  4 wolves (Lair:1)
  10 orc warriors
  2 ogres
  4 sky beasts
  2 phantoms
  2 black bears (D:8)
  5 centaurs
  2 crocodiles (Lair:1)
  Duvessa (D:7)
  5 giant frogs
  2 wargs (D:10)
  4 water moccasins
  2 agate snails
  A yak zombie (D:10)
  9 wights
  21 killer bees (D:8)
  Dowan (D:7)
  A goliath beetle (D:7)
  6 hounds
  5 crimson imps
  2 quasits (D:10)
  2 jellies (D:6)
  4 orc priests
  4 orc wizards
  2 iron imps (D:10)
  2 iguanas
  3 scorpions
  6 worker ants
  An ogre skeleton (D:5)
  A hound zombie (D:7)
  2 gnolls (Bailey)
  9 adders
  2 giant centipedes
  17 green rats
  An inept feature mimic (D:6)
  3 giant mites
  An orc skeleton (D:8)
  5 worms
  2 iguana zombies
  A giant eyeball (D:10)
  4 giant geckos
  25 orcs
  5 ball pythons
  14 goblins
  15 hobgoblins
  15 jackals
  8 quokkas
  25 bats
  4 giant cockroaches
  6 giant newts
  29 kobolds
  2 kobold zombies
  3 orc zombies
  54 rats
392 creatures vanquished.

Vanquished Creatures (others)
  A plant (D:8)
1 creature vanquished.

Grand Total: 393 creatures vanquished

Notes
Turn   | Place    | Note
--------------------------------------------------------------
     0 | D:1      | Laan, the Lava Orc Monk, began the quest for the Orb.
     0 | D:1      | Reached XP level 1. HP: 19/19 MP: 1/1
   100 | D:1      | Reached XP level 2. HP: 16/27 MP: 2/2
   412 | D:1      | Reached skill level 1 in Axes
   663 | D:1      | Reached XP level 3. HP: 34/34 MP: 3/3
  1692 | D:3      | Reached XP level 4. HP: 26/41 MP: 4/4
  1792 | D:3      | Reached skill level 5 in Fighting
  1802 | D:3      | Reached skill level 1 in Armour
  2305 | D:3      | Reached XP level 5. HP: 48/48 MP: 5/5
  2683 | D:4      | Found a staircase to the Ecumenical Temple.
  2694 | Temple   | Entered the Ecumenical Temple
  2713 | Temple   | Became a worshipper of Warmaster Okawaru
  2713 | Temple   | Acquired Okawaru's first power
  3041 | D:4      | Noticed an ogre
  3051 | D:4      | Killed an ogre
  3051 | D:4      | Reached XP level 6. HP: 54/57 MP: 6/6
  3319 | D:4      | Reached skill level 5 in Axes
  3373 | D:5      | Entered Level 5 of the Dungeon
  3664 | D:5      | Reached skill level 6 in Fighting
  3887 | D:5      | Reached XP level 7. HP: 58/63 MP: 7/7
  4415 | D:6      | Reached skill level 7 in Axes
  4474 | D:6      | Reached XP level 8. HP: 32/73 MP: 8/8
  4526 | D:6      | Found Naaqah's Assorted Antiques.
  4776 | D:6      | Reached skill level 8 in Axes
  4776 | D:6      | Reached skill level 5 in Armour
  5087 | D:6      | Noticed a hill giant
  5115 | D:6      | Killed a hill giant
  5115 | D:6      | Reached skill level 9 in Axes
  5627 | D:6      | Found a shimmering altar of Xom.
  5666 | D:6      | Reached XP level 9. HP: 81/81 MP: 9/9
  5745 | D:6      | Found a glowing drain.
  5749 | Sewer    | Entered a sewer
  6268 | D:7      | Noticed Edmund
  6271 | D:7      | Noticed Dowan
  6273 | D:7      | Noticed Duvessa
  6290 | D:7      | Killed Duvessa
  6294 | D:7      | Killed Edmund
  6294 | D:7      | Reached skill level 10 in Axes
  6301 | D:7      | Killed Dowan
  6579 | D:7      | Acquired Okawaru's second power
  6937 | D:8      | Noticed a six-headed hydra
  7461 | D:8      | Reached skill level 11 in Axes
  7704 | D:8      | Reached XP level 10. HP: 23/92 MP: 10/10
  7992 | D:8      | Found a sparkling altar of Nemelex Xobeh.
  8561 | D:9      | Found a flagged portal.
  8581 | D:9      | Reached skill level 10 in Fighting
  8585 | Bailey   | Entered a bailey
  8712 | Bailey   | Reached skill level 12 in Axes
  8875 | Bailey   | Received a gift from Okawaru
  8876 | Bailey   | Got a dazzling leather armour {god gift}
  9562 | D:9      | Found an ancient bone altar of Kikubaaqudgha.
  9981 | D:10     | Entered Level 10 of the Dungeon
  9986 | D:9      | Identified the +0 leather armour of Quthrah {Dex+3 Int+1} (Okawaru gifted it to you in a bailey)
  9998 | D:9      | Identified 2 scrolls of acquirement
  9999 | D:9      | Got an ancient executioner's axe
 10000 | D:9      | Identified the +1,-1 executioner's axe of the Moth {venom, +Inv rC+ Int-3} (You acquired it on level 9 of the Dungeon)
 10260 | D:10     | Noticed a hill giant
 10270 | D:10     | Killed a hill giant
 10270 | D:10     | Reached skill level 13 in Axes
 10342 | D:10     | Noticed a hill giant
 10353 | D:10     | Killed a hill giant
 10366 | D:10     | Noticed Eustachio
 10380 | D:10     | Killed Eustachio
 10721 | D:10     | Found a staircase to the Lair.
 10892 | Lair:1   | Entered Level 1 of the Lair of Beasts
 10895 | Lair:1   | Noticed a black mamba
 10900 | Lair:1   | Reached XP level 11. HP: 98/102 MP: 11/11
 10904 | Lair:1   | Killed a black mamba
 10929 | D:10     | Paralysed by a potion of paralysis for 2 turns
 10931 | D:10     | Gained mutation: You tend to lose your temper in combat. [potion of mutation]
 10931 | D:10     | Gained mutation: You have a pair of small horns on your head. [potion of mutation]
 10931 | D:10     | Gained mutation: You can spit poison. [potion of mutation]
 11136 | Lair:1   | Reached skill level 14 in Axes
 12315 | Lair:2   | Found a burning altar of Makhleb.
 12416 | Lair:2   | Reached skill level 10 in Armour
 12506 | Lair:2   | Received a gift from Okawaru
 12825 | Lair:2   | Noticed a seven-headed hydra
 12831 | Lair:2   | HP: 1/104 [ten-headed hydra (7)]
 12831 | Lair:2   | Slain by a ten-headed hydra

Action                   |  1- 3 |  4- 6 |  7- 9 | 10-12 || total
-------------------------+-------+-------+-------+-------++-------
Melee: Short sword       |   162 |   295 |   683 |   209 ||  1349
       Unarmed           |     2 |       |       |       ||     2
       Broad axe         |       |       |       |   381 ||   381
 Abil: Evoke Flight      |       |       |       |     4 ||     4
Evoke: Wand              |     1 |     5 |    24 |     2 ||    32
  Use: Potion            |       |       |    13 |    15 ||    28
       Scroll            |       |       |       |    21 ||    21
 Stab: Sleeping          |     3 |       |       |       ||     3
       Paralysed         |       |     8 |     8 |       ||    16
